 Dungeon Crawl Stone Soup version 0.24-a0-269-g32ec7ca (webtiles) character file.

7 Klosterheim the Grave Robber (level 1, -3/13 HPs)
             Began as a Mummy Necromancer on Jan 22, 2019.
             Slain by a kobold (4 damage)
             ... on level 1 of the Dungeon on Apr 21, 2019.
             The game lasted 00:01:34 (337 turns).

Klosterheim the Grave Robber (Mummy Necromancer)     Turns: 337, Time: 00:01:34

Health: -3/13      AC:  2    Str: 11    XL:     1   Next: 83%
Magic:  4/4        EV: 12    Int: 14    God:
Gold:   63         SH:  0    Dex: 12    Spells: 4/5 levels left

rFire    x . .     SeeInvis .   (no weapon)
rCold    + . .     Gourm    .   (no shield)
rNeg     + + +     Faith    .   a - +0 robe
rPois    ∞         Spirit   .   (no helmet)
rElec    .         Reflect  .   (no cloak)
rCorr    .         Harm     .   (no gloves)
MR       .....                  (no boots)
Stlth    ++........             (no amulet)
HPRegen  0.04/turn              (no ring)
MPRegen  0.09/turn              (no ring)

@: no status effects
A: no food or potions, fire vulnerability, cold resistance 1, negative energy
resistance 3, torment resistance, unbreathing
a: no special abilities


You were on level 1 of the Dungeon.
You were not hungry.

You visited 1 branch of the dungeon, and saw 1 of its levels.

You collected 63 gold pieces.

Inventory:

Armour
 a - a +0 robe (worn)
Scrolls
 b - a scroll of amnesia {unknown}
 c - a scroll of enchant weapon {unknown}
 d - a scroll of fear {unknown}


   Skills:
 - Level 1.5 Dodging
 - Level 1.5 Stealth
 + Level 2.9 Spellcasting
 * Level 4.2 Necromancy


You had 4 spell levels left.
You knew the following spells:

 Your Spells              Type           Power        Failure   Level  Hunger
a - Pain                  Necr           ##..         3%          1    N/A

Your spell library contained the following spells:

 Spells                   Type           Power        Failure   Level  Hunger
 Animate Skeleton         Necr           N/A          3%          1    N/A
 Vampiric Draining        Necr           ##........   11%         3    N/A
 Animate Dead             Necr           N/A          36%         4    N/A
 Regeneration             Chrm/Necr      Unusable     N/A         3    N/A

Dungeon Overview and Level Annotations

Branches:
Dungeon (1/15)

Altars:


Innate Abilities, Weirdness & Mutations

You do not eat or drink.
Your flesh is vulnerable to fire.
You are immune to poison.
Your flesh is cold resistant. (rC+)
You are immune to negative energy. (rN+++)
You are immune to unholy pain and torment.
You can survive without breathing.


Message History

The kobold shouts!
The kobold throws a stone.
The stone hits you.
The kobold throws a stone.
The stone hits you.
The kobold throws a stone.
The stone closely misses you.
The kobold throws a stone.
The stone closely misses you.
The kobold throws a stone.
The stone misses you. The kobold hits you. The kobold completely misses you.
The kobold hits you.
* * * LOW HITPOINT WARNING * * *
The kobold hits you but does no damage. The kobold misses you.
The kobold barely misses you. The kobold misses you.
The kobold hits you but does no damage. The kobold barely misses you.
The kobold barely misses you. The kobold hits you but does no damage.
The kobold hits you.
You die...

'..........................#.####
#########.#+#...########...#.#...
#####...#.......########...#.#.##
................+........>...#...
................########.#...####
#####.....###...########.##...# #
...)........+...+........#....###
####...#..###..)##########..#..##
.......#........@# #......#....
##.....#....####K# #.####.#....
#.....#....# ... #.........
##.....##...# ..... ##.#......
.+......'...++...... #.##.....
#...####...##....... # #.....
##### #...##.$...... #.....
#...##......... #.#... ###.#
.....#.


You could see a kobold.

Vanquished Creatures
  4 bats (D:1)
  A goblin (D:1)
  A frilled lizard (D:1)
  A rat (D:1)
7 creatures vanquished.

Notes
Turn   | Place    | Note
-------+----------+-------------------------------------------
     0 | D:1      | Klosterheim the Mummy Necromancer began the quest for the
                  | Orb.
     0 | D:1      | Reached XP level 1. HP: 13/13 MP: 4/4
   314 | D:1      | Upgraded the game from 0.23-a0-819-g6debee6 to
                  | 0.24-a0-269-g32ec7ca
   337 | D:1      | Slain by a kobold

Levels and vault maps discovered:
D:1:      dpeg_arrival_rhombus

Action                   || total
-------------------------++-------
 Cast: Pain              ||    10
Armor: Robe              ||     4
Dodge: Dodged            ||    11

Table legend:
 A = Non-vault XP
 B = Vault XP
 C = Vault XP percentage of total XP
 D = Non-vault monster count
 E = Vault monster count
 F = Vault count percentage of total count
                 A         B        C        D         E       F
            +---------+---------+-------+---------+---------+-------
      Total |      10 |       0 |   0.0 |       7 |       0 |   0.0
            +---------+---------+-------+---------+---------+-------
        D:1 |      10 |       0 |   0.0 |       7 |       0 |   0.0
            +---------+---------+-------+---------+---------+-------
